AoeStats
← Der Sprudel

Arabia

508384389Analyzed
4v4 RM · 10d ago on Sep 22, 2026· 47m 8s· 8 players
Game mode
Random Map
Map size
Large (8 player)
Population
200
Speed
Normal
Resources
Standard
Victory
Conquest
Starting age
Dark Age
Ending age
Imperial Age
RankedLock teamsTeams togetherTeam positionsShared explorationLock speedFull tech treeHidden civsTurbo modeCheats
Victory
Defeat
🇩🇪 Britons · Germany
1306
+14
🇸🇰 Aztecs · Slovakia
1260
+16
🇩🇪 Persians · Germany
1216
+18
🇨🇿 Saracens · Czechia
1209
+18
🇲🇽 Ethiopians · Mexico
1297
-18
🇲🇽 Britons · Mexico
1261
-17
🇺🇸 Gurjaras · United States
1237
-16
🇲🇽 Hindustanis · Mexico
1231
-15
MBouzek
7:20 Loom
9:35 Feudal Age
10:23 Double-Bit Axe
11:16 Gold Mining
12:41 Town Watch
12:44 Horse Collar
15:15 Fletching
17:43 Padded Archer Armor
23:27 Castle Age
23:39 Crossbowman
24:17 Bodkin Arrow
24:30 Thumb Ring
25:57 Gold Shaft Mining
25:34 Bow Saw
27:04 Leather Archer Armor
28:58 Ballistics
29:21 Pikeman
34:27 Stone Mining
37:13 Wheelbarrow
39:07 Scale Barding Armor
39:12 Forging
40:49 Hand Cart
41:44 Bimaristan
44:55 Imperial Age
45:25 Chain Barding Armor
45:41 Iron Casting
44:48 Treadmill Crane
45:14 Arbalester
47:01 Chemistry
46:09 Bracer
Der Sprudel
6:36 Loom
9:02 Feudal Age
9:36 Double-Bit Axe
9:57 Horse Collar
18:55 Wheelbarrow
18:29 Scale Barding Armor
21:57 Forging
24:11 Castle Age
22:11 Gold Mining
23:46 Bloodlines
25:02 Chain Barding Armor
25:10 Bow Saw
31:21 Heavy Plow
31:52 Hand Cart
31:22 Town Watch
32:29 Iron Casting
33:57 Stone Mining
34:45 Gold Shaft Mining
34:49 Husbandry
43:43 Imperial Age
42:03 Stone Shaft Mining
42:57 Fletching
44:35 Conscription
44:52 Plate Barding Armor
43:38 Cavalier
KickersEmden_AoE
7:06 Loom
9:42 Feudal Age
10:12 Double-Bit Axe
13:54 Fletching
20:27 Castle Age
20:06 Gold Mining
19:59 Horse Collar
21:09 Padded Archer Armor
20:35 Crossbowman
22:01 Bodkin Arrow
24:33 Ballistics
28:52 Bow Saw
29:58 Heavy Plow
40:36 Imperial Age
40:00 Leather Archer Armor
39:22 Light Cavalry
40:13 Forging
40:09 Scale Barding Armor
42:22 Bracer
43:42 Chemistry
45:46 Chain Barding Armor
46:01 Iron Casting
ajja13849
7:56 Loom
10:01 Feudal Age
10:10 Man-at-Arms
11:44 Horse Collar
12:30 Padded Archer Armor
23:29 Castle Age
21:43 Scale Mail Armor
21:53 Forging
21:50 Gold Mining
22:36 Fletching
22:49 Double-Bit Axe
MZTK | GaboxNet .i.
1:10 Loom
10:14 Feudal Age
11:05 Double-Bit Axe
20:41 Castle Age
20:20 Forging
21:00 Fletching
20:49 Crossbowman
21:49 Bow Saw
25:06 Scale Barding Armor
26:58 Padded Archer Armor
32:54 Chain Barding Armor
32:48 Husbandry
40:10 Horse Collar
41:10 Iron Casting
42:02 Wheelbarrow
42:48 Heavy Plow
MZTK | SIRO
5:32 Loom
8:42 Feudal Age
9:20 Double-Bit Axe
14:54 Horse Collar
21:24 Castle Age
38:23 Scale Mail Armor
38:34 Forging
MZTK l ROD
7:03 Loom
9:11 Feudal Age
11:03 Double-Bit Axe
17:26 Fletching
26:49 Wheelbarrow
30:10 Padded Archer Armor
30:20 Forging
30:10 Scale Mail Armor
35:39 Castle Age
35:02 Gold Mining
35:48 Crossbowman
37:05 Bow Saw
37:38 Leather Archer Armor
37:21 Bodkin Arrow
38:14 Treadmill Crane
38:58 Ballistics
45:19 Pikeman
46:00 Squires
45:46 Arson
MrskullSoul
3:51 Loom
10:31 Feudal Age
15:37 Double-Bit Axe
15:34 Horse Collar
20:10 Wheelbarrow
23:18 Castle Age
21:58 Scale Barding Armor
22:04 Forging
23:14 Gold Mining
24:07 Bloodlines
24:00 Husbandry
26:19 Gold Shaft Mining
26:30 Chain Barding Armor
31:50 Bow Saw
32:11 Heavy Plow
34:51 Iron Casting
35:53 Fletching
36:03 Padded Archer Armor
36:49 Hand Cart
38:04 Elite Skirmisher
39:12 Bodkin Arrow
40:35 Leather Archer Armor
Connection lost

Rejoining the realm…

Still unreachable

The connection could not be restored.

Session expired

The server has moved on; the page needs a fresh start.